 Dungeon Crawl Stone Soup version 0.13-a0-2725-gfd4ef73 (webtiles) character file.

291 Infinimo the Ruinous (level 4, -2/24 HPs)
             Began as a Tengu Conjurer on Aug 20, 2013.
             Killed from afar by Kabixx's ghost (18 damage)
             ... with a flame
             ... on Level 3 of the Dungeon.
             The game lasted 00:05:55 (2817 turns).

Infinimo the Ruinous (Tengu Conjurer)               Turns: 2817, Time: 00:05:55

HP  -2/24        AC  4     Str  8      XL: 4   Next: 73%
MP   0/10        EV 12     Int 16      God:
Gold 191         SH  0     Dex 15      Spells:  3 memorised,  3 levels left

Res.Fire  : . . .   See Invis. : .   k - +0 short sword
Res.Cold  : . . .   Warding    : .   a - +0 robe
Life Prot.: . . .   Conserve   : .   (no shield)
Res.Poison: .       Res.Corr.  : .   (helmet restricted)
Res.Elec. : .       Clarity    : .   m - +0 cloak
Sust.Abil.: . .     Spirit.Shd : .   o - +0 pair of gauntlets
Res.Mut.  : .       Stasis     : .   (boots unavailable)
Res.Rott. : .       Flight     : .   (no amulet)
Saprovore : . . .                    (no ring)
                                     (no ring)

@: slightly resistant to hostile enchantments, fairly stealthy
A: beak, talons 3
a: no special abilities


You were on level 3 of the Dungeon.
You were very hungry.

You visited 1 branch of the dungeon, and saw 3 of its levels.

You collected 171 gold pieces.

Inventory:

Hand weapons
 k - a +0,+0 short sword (weapon)
Armour
 a - a +0 robe (worn)
 m - a +0 cloak (worn)
 o - a +0 pair of gauntlets (worn)
Magical devices
 t - a wand of random effects (6) {unknown}
Comestibles
 b - 2 bread rations
 n - an apple
 u - a meat ration
Scrolls
 d - a scroll of identify {unknown}
 e - 2 scrolls of noise {unknown}
 h - 3 scrolls of teleportation {unknown}
 i - 2 scrolls of blinking {unknown}
 j - 5 scrolls of remove curse {unknown}
 l - a scroll of curse weapon {unknown}
 p - a scroll of fear {unknown}
 q - a scroll of fog {unknown}
 r - a scroll of random uselessness {unknown}
 v - a scroll of enchant weapon II {unknown}
 w - a scroll of curse armour {unknown}
 y - a scroll of recharging {unknown}
 A - a scroll of magic mapping {unknown}
Potions
 f - a potion of slowing {unknown}
 g - 4 potions of might {unknown}
 s - 2 potions of curing {unknown}
 x - a potion of degeneration {unknown}
 z - a potion of paralysis {unknown}
Books
 c - a book of Conjurations

   Spells                             Type                      Level
   *Magic Dart                        Conjuration                  1
   *Searing Ray                       Conjuration                  2
   Dazzling Spray                     Conjuration/Hexes            3
   Iskenderun's Mystic Blast          Conjuration                  4
   *Iskenderun's Battlesphere         Conjuration/Charms           4
   Fulminant Prism                    Conjuration/Hexes            5


   Skills:
 - Level 2.1 Dodging
 - Level 2.0 Stealth
 - Level 3.6 Spellcasting
 + Level 5.9 Conjurations


You had 3 spell levels left.
You knew the following spells:

 Your Spells              Type           Power        Failure   Level  Hunger
a - Magic Dart            Conj           ###.         1%          1    None
b - Searing Ray           Conj           ###...       2%          2    ##.....
c - Iskenderun's Battles  Conj/Chrm      ##......     63%         4    ####...


Dungeon Overview and Level Annotations

Branches:
Dungeon (3/27)

Altars:
Xom

Annotations
D:3 Grinder; Kabixx's ghost, average DjFE


Innate Abilities, Weirdness & Mutations

You have a beak for a mouth.
You have claws for feet.


Message History

Kabixx's ghost wails, "You will join me soon!"
Kabixx's ghost hits your battlesphere.
You finish eating.
Mmmm...
Yummy apple.
Casting: Iskenderun's Battlesphere
Confirm with . or Enter, or press ? or * to list all spells.
Aiming: Searing Ray
Press: ? - help, Shift-Dir - straight line, f - Kabixx's ghost
Aim: Kabixx's ghost The searing ray misses Kabixx's ghost.
The barrage of energy hits Kabixx's ghost.
Kabixx's ghost is moderately damaged.
Without enough magic to sustain it, your searing ray dissipates.
Kabixx's ghost hits you. Kabixx's ghost misses you.
Kabixx's ghost issues a gush of flame.
The flame hits you!
One of your 4 scrolls labeled PIFATRU NY STU catches fire!
One of your 6 scrolls labeled GROSYR EPEI catches fire!
Ouch! That really hurt!
You die...

##...# #..#..# #..##...#######...
##...# #..#..# #..##...≈≈≈≈≈≈≈.##
##...# #..#..# #..##...#######.##
.....###..#..###..##...#.....#.##
...)......#.......##...###.###.##
.#........#...#...##.....#.#...##
.#..###...#...#..*##.....#.#.(.##
.#..# #...#...#...##...........##
.#..# #...#...#.@.##>..........##
.#..# #...#...#...##...........##
.#..# #...#...#.p.##.......#...##
.#..# #.......#..)##.......#...##
.#..# #.......#...##.......#...##
.#..# #.......#.>.##.......#...##
.#..# #...[...#...##.......#...##
....# #.......#............#...##
....# #.......#............#)<.##


You could see Kabixx's ghost.

Vanquished Creatures
  4 adders
  A worm (D:3)
  4 giant geckos
  2 oozes (D:3)
  An orc (D:3)
  3 bats
  3 giant cockroaches
  8 goblins
  3 hobgoblins
  3 jackals (D:2)
  8 kobolds
  2 ball pythons
  4 giant newts
  6 rats
52 creatures vanquished.

Notes
Turn   | Place    | Note
--------------------------------------------------------------
     0 | D:1      | Infinimo, the Tengu Conjurer, began the quest for the Orb.
     0 | D:1      | Reached XP level 1. HP: 10/10 MP: 3/3
   239 | D:1      | Reached XP level 2. HP: 15/15 MP: 3/5
   993 | D:2      | Reached XP level 3. HP: 12/19 MP: 4/8
  1247 | D:2      | Found a shimmering altar of Xom.
  1685 | D:2      | Reached XP level 4. HP: 24/24 MP: 7/10
  2165 | D:3      | Noticed Kabixx's ghost (average DjFE)
  2213 | D:2      | Learned a level 2 spell: Searing Ray
  2218 | D:2      | Learned a level 4 spell: Iskenderun's Battlesphere
  2362 | D:3      | Noticed Grinder
  2374 | D:3      | Paralysed by Grinder for 6 turns
  2817 | D:3      | Killed from afar by Kabixx's ghost

Action                   |  1- 3 |  4- 6 || total
-------------------------+-------+-------++-------
Melee: Short sword       |    12 |     3 ||    15
 Cast: Magic Dart        |    68 |    55 ||   123
       Iskenderun's Batt |       |     2 ||     2
       Searing Ray       |       |     1 ||     1
